 Dungeon Crawl Stone Soup version 0.29-a0-284-gf9362112df (webtiles) character file.

Game seed: 10718619265585840737

78304 iguanaiguana the Cruncher (level 15, -9/156 HPs)
             Began as an Ogre Fire Elementalist on Mar 17, 2022.
             Was a Follower of Cheibriados.
             Killed from afar by a wizard (27 damage)
             ... with a fireball
             ... on level 14 of the Dungeon on Mar 18, 2022.
             The game lasted 01:54:34 (40642 turns).

iguanaiguana the Cruncher (Ogre Fire Elementalist) Turns: 40642, Time: 01:54:34

Health: -9/156     AC: 11    Str: 21    XL:     15   Next: 59%
Magic:  30/30      EV: 12    Int: 31    God:    Cheibriados [*.....]
Gold:   1210       SH:  0    Dex: 14    Spells: 14/36 levels left

rFire   . . .      SeeInvis .   y - +9 lajatang (spect)
rCold   . . .      Faith    +   (shield currently unavailable)
rNeg    . . .      Spirit   .   S - +5 steam dragon scales
rPois   +          Reflect  .   (helmet restricted)
rElec   .          Harm     .   u - scarf {repulsion}
rCorr   .          Rampage  .   (gloves unavailable)
Will    +....                   (boots unavailable)
Stlth   +++.......              D - amulet of faith
HPRegen 0.36/turn               H - ring of poison resistance
MPRegen 0.22/turn               F - +6 ring of intelligence

@: on berserk cooldown, slowed, repel missiles, very slow
A: large, unfitting armour, tough skin 1, agile 1, strong 1, wild magic 1
a: Renounce Religion, Bend Time


You were on level 14 of the Dungeon.
You worshipped Cheibriados.
Cheibriados was aware of your devotion.
You visited 4 branches of the dungeon, and saw 23 of its levels.
You also visited: Bailey.

You collected 2207 gold pieces.
You spent 789 gold pieces at shops.
You donated 208 gold pieces to Zin.

Inventory:

Hand Weapons
 k - a +0 giant spiked club
 s - a +2 hand axe of electrocution
 y - a +9 spectral lajatang (weapon)
 C - the +4 long sword of the Mind {drain, rPois Will- Str+4 Dex+2}
   (You found it on level 5 of the Dungeon)

   A truly terrible weapon, it drains the life of any living foe it strikes.
   Str:       It affects your strength (+4).
   Dex:       It affects your dexterity (+2).
   rPois:     It protects you from poison.
   Will:      It decreases your willpower.
 M - a +0 demon whip of venom
 Q - the +4 trident of Cheibriados's Pride {holy, rElec rN+ Str+4}
   (You took it off a spriggan on level 13 of the Dungeon)

   It has been blessed by the Shining One to cause great damage to the undead
   and demons.
   Str:       It affects your strength (+4).
   rElec:     It insulates you from electricity.
   rN:        It protects you from negative energy.
Missiles
 c - 6 throwing nets
 g - 41 poisoned darts
 V - 18 large rocks
Armour
 u - a scarf of repulsion (worn)
 v - a scarf of invisibility
 S - +5 steam dragon scales (worn)
 U - a +2 robe of cold resistance
Jewellery
 a - a ring of ice
 e - a ring of see invisible
 z - a ring of ice
 D - an amulet of faith (around neck)
 F - a +6 ring of intelligence (right hand)
 H - a ring of poison resistance (left hand)
Wands
 l - a wand of acid (5) {@v1}
 B - a wand of iceblast (13) {@v2}
 L - a wand of mindburst (18)
 N - a wand of digging (7) {@v3}
Scrolls
 d - a scroll of holy word
 f - 5 scrolls of teleportation {@r3}
 i - 6 scrolls of magic mapping {@r5}
 n - 4 scrolls of amnesia
 o - 2 scrolls of blinking {@r4}
 A - 4 scrolls of vulnerability
 E - a scroll of enchant armour
 G - a scroll of torment {unknown}
 J - 4 scrolls of fog
 K - a scroll of summoning {unknown}
 O - 5 scrolls of immolation
 P - 2 scrolls of fear
 W - 2 scrolls of enchant weapon
 X - a scroll of silence {unknown}
Potions
 b - 4 potions of magic
 h - 4 potions of attraction
 j - 2 potions of brilliance
 m - a potion of mutation
 q - 2 potions of berserk rage
 r - 3 potions of resistance {@q5}
 t - 2 potions of might {@q3}
 w - 5 potions of flight
 x - 4 potions of cancellation
 I - 9 potions of curing {@q1}
 R - a potion of invisibility {unknown}
 T - a potion of heal wounds {@q2}
 Y - a potion of lignification


   Skills:
 - Level 12.0 Fighting
 - Level 4.5(9.2) Maces & Flails
 * Level 13.3(13.7) Staves
 - Level 6.5 Dodging
 - Level 4.0 Stealth
 - Level 11.0 Spellcasting
 - Level 7.4 Conjurations
 - Level 6.0 Hexes
 - Level 3.0 Transmutations
 - Level 8.0 Fire Magic
 - Level 6.0 Air Magic
 - Level 6.4 Earth Magic
 - Level 4.0 Poison Magic
 - Level 4.7 Invocations


You had 14 spell levels left.
You knew the following spells:

 Your Spells              Type           Power      Damage    Failure   Level
a - Poisonous Vapours     Pois/Air       100%       N/A       1%          2
b - Scorch                Fire           100%       2d10      1%          2
c - Sticky Flame          Conj/Fire      71%        2d8       2%          4
d - Inner Flame           Hex/Fire       68%        N/A       1%          3
e - Lee's Rapid Deconstr  Erth           32%        3d18*     10%         5
f - Stone Arrow           Conj/Erth      100%       3d13      1%          3
g - Swiftness             Air            63%        N/A       1%          3

Your spell library contained the following spells:

 Spells                   Type           Power      Damage    Failure   Level
 Foxfire                  Conj/Fire      100%       2x1d9     1%          1
 Sandblast                Erth           100%       2d20      1%          1
 Shock                    Conj/Air       100%       1d9       1%          1
 Passwall                 Tmut/Erth      47%        N/A       1%          2
 Static Discharge         Conj/Air       66%        N/A       1%          2
 Conjure Flame            Conj/Fire      71%        6-21      1%          3
 Tukima's Dance           Hex            63%        N/A       1%          3
 Corpse Rot               Necr/Air       92%        N/A       2%          2
 Ignite Poison            Fire/Tmut/Pois 58%        N/A       2%          3
 Flame Wave               Conj/Fire      71%        2d13      2%          4
 Airstrike                Air            31%        N/A       4%          4
 Leda's Liquefaction      Hex/Erth       32%        N/A       4%          4
 Sublimation of Blood     Necr           22%        N/A       7%          2
 Petrify                  Tmut/Erth      57%        N/A       7%          4
 Ozocubu's Armour         Ice            22%        N/A       13%         3
 Anguish                  Hex/Necr       23%        N/A       13%         4
 Irradiate                Conj/Tmut      29%        3d23      14%         5
 Metabolic Englaciation   Hex/Ice        23%        N/A       32%         5
 Dispel Undead            Necr           22%        3d12      36%         4
 Statue Form              Tmut/Erth      38%        N/A       63%         6
 Enfeeble                 Hex            31%        N/A       95%         7
 Simulacrum               Ice/Necr       11%        N/A       99%         6


Dungeon Overview and Level Annotations

Branches:
Dungeon (14/15)            Temple (1/1) D:5            Lair (6/6) D:8
 Shoals (0/4) Lair:4       Spider (0/4) Lair:4        Slime (0/5) Lair:6
    Orc (2/2) D:9             Elf (0/3) Orc:2        Bailey (visited)
 Vaults: D:13-14

Altars:
Ashenzari
Cheibriados
Dithmenos
Elyvilon
Fedhas
Gozag
Hepliaklqana
Kikubaaqudgha
Makhleb
Nemelex Xobeh
Okawaru
Qazlal
Ru
Sif Muna
Trog
Uskayaw
Vehumet
Wu Jian
Xom
Yredelemnul
Zin
The Shining One
Beogh
Ignis

Shops:
D:11 [   Orc:2 [:*[

Annotations:
Lair:5 exclusion: 2 oklob plants
Lair:6 1 runed translucent door, exclusion: oklob plant
Orc:2 1 runed translucent door, HuGe's ghost, journeyman MiBe


Innate Abilities, Weirdness & Mutations

You are too large for most types of armour.
You have tough skin. (AC +1)
You are agile. (Dex +2)
Your muscles are strong. (Str +2)
Your spells are a little harder to cast, but a little more powerful.


Message History

Deactivating autopickup; reactivate with Ctrl-A.
You slice the vampire mosquito!!
You destroy the vampire mosquito!
Cheibriados thoroughly appreciates the change of pace.
Cheibriados raises the support of your attributes as your movement slows.
The centaur closely misses you.
The centaur kicks you but does no damage.
The centaur hits you but does no damage.
The centaur kicks you but does no damage.
You slice the centaur!!
You kill the centaur!
Cheibriados appreciates the change of pace.
The centaur closely misses you. The centaur misses you.
You chop the centaur into pieces!!!
You kill the centaur!
Cheibriados thoroughly appreciates the change of pace.
The vampire mosquito bites you.
* * * LOW HITPOINT WARNING * * *
The vampire mosquito draws strength from your injuries!
You barely miss the vampire mosquito.
Your +9 spectral lajatang hits the vampire mosquito!!
You destroy the vampire mosquito!
Cheibriados appreciates the change of pace.
You are too berserk!
You are too berserk!
You hear some strange, mumbled words.
Something hits you.
* * * LOW HITPOINT WARNING * * *
Things that are here:
a vampire mosquito corpse; a vampire mosquito corpse You feel a strong urge to attack something.
Something hits you but does no damage.
Items here: ) [ †††.
You are no longer berserk.
You are exhausted.
You feel yourself slow down. Something hits you but does no damage.
You hear some strange, mumbled words.
A fireball appears from out of thin air!
The fireball explodes!
The fireball engulfs you!!
You die...

,,,,,,,,,,,,,,,,*,,,,,,,,,,,,*,,,
,,,,,,,,,................,,,,*,,,
,,,,,,,,,................,,,,***,
,,,,,,,,,................,,,,,,,,
,,,,,,,,,.......#.......,,,,,,,,,
,,,,,,,,,.......#....$,,,,,,,,,,,
,,,,,,,,,...........#,,,,,,,,,,,*
,,*,,,,,,........$.)##*,,,,,,,,,,
,,,,,,,,,.......@{)§.#,,,****,,,,
,,,,,,,,,.......>..)))....#**,*,*
*,,,,,,,,.........#§##....#,,,,,*
,,,,,,,8,............###.#..,,,,,
,,,,,,,,,.............#**#*,,,,,,
,,,,,8,8,8............#******,,,*
,,,,,,,,,.......#.##..#,,,* **,*,
,,,,,,,8,......#.##*###,,,* ****
,,,,,,,,,,,,,,,********,,,##### *


There were no monsters in sight!

Vanquished Creatures
  Jorgrun (D:14)
  An orc warlord (D:9)
  The ghost of jr88keys the Blocker, a journeyman VSFi of Makhleb (D:13)
  Erolcha (Orc:1)
  Harold (Orc:1)
  5 hydras
  Fannar (Orc:1)
  A boulder beetle (Lair:2)
  A centaur warrior (D:14)
  2 catoblepae
  2 two-headed ogres
  Nergalle (D:11)
  5 orc high priests (Orc:2)
  Amaemon (D:8)
  8 orc knights
  2 deep elf pyromancers
  A lindwurm (Lair:6)
  An ugly thing (D:12)
  3 cyclopes
  2 orc sorcerers (Orc:2)
  4 manticores
  6 elephants
  Joseph (D:10)
  4 black mambas
  4 torpor snails (Lair:6)
  2 gargoyles (D:12)
  9 cane toads
  An efreet (D:13)
  An unseen horror (D:12)
  An orange demon (D:8)
  A rime drake (Lair:3)
  6 komodo dragons
  A kobold demonologist (D:9)
  9 polar bears
  7 trolls
  2 raiju (Lair:6)
  3 meliai (D:14)
  11 dream sheep
  6 hornets
  27 blink frogs
  8 slime creatures
  Sigmund (D:5)
  2 spriggans (D:13)
  A spriggan (shapeshifter) (D:13)
  4 shadows
  5 wyverns
  44 yaks
  2 wraiths
  17 fire elementals
  2 steam dragons
  4 basilisks
  6 vampire mosquitoes
  Eustachio (D:5)
  5 wargs
  3 acid dragons
  A hell hound (Lair:6)
  16 water moccasins
  2 ice beasts
  40 orc warriors
  6 black bears
  6 ogres
  2 sky beasts (D:6)
  15 wolves
  A boggart (D:13)
  12 centaurs
  3 phantoms
  3 kobold brigands
  20 bullfrogs
  2 scorpions (D:5)
  A necrophage (D:6)
  A gnoll sergeant (D:9)
  8 wights (D:9)
  3 howler monkeys
  4 quasits (D:6)
  3 hounds
  A gnoll shaman (D:9)
  31 orc priests
  Ijyb (D:4)
  9 hell rats
  An iguana (D:6)
  18 orc wizards
  2 killer bee zombies (D:7)
  8 ogre zombies (D:9)
  11 gnolls
  7 adders
  A shadow imp (D:8)
  4 worms
  2 dart slugs
  87 orcs
  3 ball pythons
  7 endoplasms
  6 giant cockroaches
  13 goblins
  10 hobgoblins
  28 kobolds
  4 quokkas
  5 bats
  5 frilled lizards
  A goblin skeleton (D:9)
  A hobgoblin skeleton (D:9)
  3 hobgoblin zombies (D:9)
  3 orc skeletons (D:9)
  17 orc zombies (D:9)
  21 rats
711 creatures vanquished.

Vanquished Creatures (others)
  An orc (D:8)
  A bush (Lair:5)
  273 foxfires
  43 fungi
  92 plants
410 creatures vanquished.

Grand Total: 1121 creatures vanquished

Notes
Turn   | Place    | Note
-------+----------+-------------------------------------------
     0 | D:1      | iguanaiguana the Ogre Fire Elementalist began the quest for
                  | the Orb.
     0 | D:1      | Reached XP level 1. HP: 16/16 MP: 3/3
    31 | D:1      | Reached skill level 1 in Conjurations
   226 | D:1      | Reached XP level 2. HP: 24/24 MP: 1/5
   274 | D:1      | Learned a level 2 spell: Scorch
  1196 | D:2      | Reached XP level 3. HP: 31/31 MP: 1/6
  1251 | D:2      | Found a faded altar of an unknown god.
  1251 | D:2      | Found a stormy altar of Qazlal.
  1278 | D:2      | Prayed at the altar of an unknown god.
  1278 | D:2      | Became a worshipper of Ignis, the Dying Flame
  1629 | D:2      | Reached XP level 4. HP: 40/40 MP: 1/7
  1797 | D:2      | Reached skill level 1 in Fighting
  3113 | D:3      | Reached XP level 5. HP: 44/44 MP: 8/8
  3885 | D:4      | Found an iron altar of Okawaru.
  4062 | D:4      | Found a glowing silver altar of Zin.
  4175 | D:4      | Gained mutation: Your muscles are strong. (Str +2) [potion
                  | of mutation]
  4175 | D:4      | Gained mutation: You are agile. (Dex +2) [potion of
                  | mutation]
  4175 | D:4      | Gained mutation: Your spells are a little harder to cast,
                  | but a little more powerful. [potion of mutation]
  4287 | D:4      | Noticed a wyvern
  4293 | D:4      | Killed a wyvern
  4294 | D:4      | Reached skill level 5 in Fire Magic
  4294 | D:4      | Reached XP level 6. HP: 22/62 MP: 4/9
  4595 | D:4      | Found a burning altar of Makhleb.
  4599 | D:4      | Found a sparkling altar of Nemelex Xobeh.
  4637 | D:4      | Noticed Ijyb
  4648 | D:4      | Killed Ijyb
  4790 | D:5      | Entered Level 5 of the Dungeon
  4949 | D:5      | Found a staircase to the Ecumenical Temple.
  4964 | D:5      | Reached XP level 7. HP: 71/71 MP: 2/11
  5057 | D:5      | Noticed a yak
  5150 | D:5      | Noticed Eustachio
  5192 | D:5      | Noticed Sigmund
  5203 | D:5      | Killed Sigmund
  5256 | D:5      | Reached skill level 5 in Fighting
  5393 | D:5      | Identified the +4 long sword of the Mind {drain, rPois
                  | Will- Str+4 Dex+2}
  6245 | D:5      | Reached XP level 8. HP: 81/81 MP: 8/13
  6468 | D:5      | Noticed a yak
  6468 | D:5      | Noticed a yak
  6480 | D:5      | Killed a yak
  6490 | D:5      | Noticed a yak
  6492 | D:5      | Killed a yak
  6492 | D:5      | Noticed a yak
  6493 | D:5      | Killed a yak
  6576 | D:6      | Learned a level 2 spell: Poisonous Vapours
  6639 | D:6      | Found a white marble altar of Elyvilon.
  6661 | D:6      | Reached skill level 1 in Air Magic
  6661 | D:6      | Reached skill level 1 in Poison Magic
  6921 | D:6      | Reached skill level 5 in Spellcasting
  6933 | D:6      | Reached XP level 9. HP: 64/92 MP: 1/16
  7791 | D:7      | Found a radiant altar of Vehumet.
  7818 | D:7      | Learned a level 3 spell: Swiftness
  7948 | D:7      | Reached skill level 1 in Hexes
  8012 | D:7      | Learned a level 3 spell: Inner Flame
  8902 | D:7      | Reached XP level 10. HP: 83/104 MP: 14/19
  9581 | D:7      | Found a basalt altar of Yredelemnul.
  9841 | D:8      | Found a stormy altar of Qazlal.
  9935 | D:8      | Found a staircase to the Lair.
 10375 | D:8      | Found a flagged portal.
 10393 | Bailey   | Entered a bailey
 10837 | Bailey   | Noticed an orc warlord
 10973 | Bailey   | Found a runed translucent gate.
 10974 | Bailey   | Found a runed translucent gate.
 10975 | Bailey   | Found a runed translucent gate.
 11235 | D:8      | Reached skill level 5 in Hexes
 11235 | D:8      | Reached skill level 5 in Air Magic
 11235 | D:8      | Reached XP level 11. HP: 111/117 MP: 20/24
 11301 | D:8      | Reached skill level 10 in Fighting
 11563 | D:8      | Noticed Amaemon
 11591 | D:8      | Killed Amaemon
 11592 | D:8      | Reached skill level 1 in Maces & Flails
 11942 | D:8      | Found a stormy altar of Qazlal.
 11995 | D:8      | Found a staircase to the Lair.
 12300 | D:8      | Learned a level 4 spell: Sticky Flame
 12375 | Lair:1   | Entered Level 1 of the Lair of Beasts
 12988 | Lair:1   | Noticed a six-headed hydra
 12995 | Lair:1   | Killed a six-headed hydra
 12996 | Lair:1   | Reached skill level 5 in Dodging
 12996 | Lair:1   | Reached XP level 12. HP: 91/127 MP: 14/25
 13925 | Lair:2   | Noticed a boulder beetle
 13934 | Lair:2   | Killed a boulder beetle
 13935 | Lair:2   | Reached skill level 10 in Spellcasting
 14478 | Lair:2   | Reached skill level 5 in Conjurations
 15254 | Lair:2   | Noticed an eight-headed hydra
 15262 | Lair:2   | Killed an eight-headed hydra
 16283 | Lair:3   | Reached skill level 1 in Earth Magic
 16813 | Lair:4   | Found a staircase to the Shoals.
 16821 | Lair:3   | Reached skill level 1 in Transmutations
 17808 | Lair:3   | Reached XP level 13. HP: 137/137 MP: 19/27
 19966 | Lair:4   | Found a hole to the Spider Nest.
 21268 | Lair:5   | Found an opulent altar of Gozag.
 22660 | Lair:4   | Learned a level 5 spell: Lee's Rapid Deconstruction
 23558 | Lair:6   | Entered Level 6 of the Lair of Beasts
 23564 | Lair:5   | Identified a scroll of acquirement
 23565 | Lair:5   | Acquired a +4 antimagic lajatang
 23645 | Lair:5   | Reached skill level 1 in Staves
 24143 | Lair:5   | Reached skill level 2 in Staves
 24218 | Lair:6   | Found a staircase to the Slime Pits.
 24230 | Lair:6   | Reached skill level 3 in Staves
 24612 | Lair:6   | Found a runed translucent door.
 24613 | Lair:6   | Noticed a fire dragon
 24751 | Lair:6   | Reached skill level 4 in Staves
 25097 | Lair:6   | Reached XP level 14. HP: 149/149 MP: 21/29
 25180 | Lair:6   | Reached skill level 5 in Staves
 25673 | Lair:6   | Reached skill level 6 in Staves
 26100 | Lair:6   | Reached skill level 7 in Staves
 26871 | D:9      | Paralysed by a wight for 5 turns
 27340 | D:9      | Found a staircase to the Orcish Mines.
 27505 | D:9      | Learned a level 3 spell: Stone Arrow
 27652 | Temple   | Entered the Ecumenical Temple
 27947 | D:4      | Fell from the grace of Ignis
 27947 | D:4      | Became a worshipper of Zin the Law-Giver
 27947 | D:4      | Reached * piety under Zin
 27947 | D:4      | Reached ** piety under Zin
 28073 | D:5      | Killed Eustachio
 28342 | D:9      | Reached skill level 8 in Staves
 28492 | D:9      | Found a snail-covered altar of Cheibriados.
 28653 | D:9      | Reached *** piety under Zin
 28679 | D:10     | Entered Level 10 of the Dungeon
 28679 | D:10     | Found a shadowy altar of Dithmenos.
 29161 | D:10     | Noticed Joseph
 29167 | D:10     | Killed Joseph
 29783 | D:11     | Reached skill level 9 in Staves
 29923 | D:11     | Reached **** piety under Zin
 30161 | D:11     | Found Poitavymei's Armour Shoppe.
 31191 | D:11     | Noticed Nergalle
 31196 | D:11     | Killed Nergalle
 31637 | D:12     | Reached skill level 10 in Staves
 33270 | Orc:1    | Entered Level 1 of the Orcish Mines
 33300 | Orc:1    | Noticed Harold
 33727 | Orc:1    | Killed Harold
 33728 | Orc:1    | Reached skill level 11 in Staves
 34212 | Orc:1    | Reached ***** piety under Zin
 34278 | Orc:1    | Noticed an orc warlord
 34737 | D:9      | Found a snail-covered altar of Cheibriados.
 34940 | D:9      | Killed an orc warlord
 34941 | D:9      | Reached skill level 5 in Earth Magic
 34941 | D:9      | Reached skill level 1 in Invocations
 35087 | Orc:1    | You fall into a shaft and drop 1 floor!
 35087 | Orc:2    | Entered Level 2 of the Orcish Mines
 35372 | Orc:2    | Found a staircase to the Elven Halls.
 35458 | Orc:2    | Was forgiven by Ignis
 35670 | Orc:1    | Noticed Fannar
 35678 | Orc:1    | Killed Fannar
 36215 | Orc:2    | Reached XP level 15. HP: 143/156 MP: 30/30
 36925 | Orc:1    | Noticed Erolcha
 36930 | Orc:1    | Killed Erolcha
 37164 | Orc:1    | Reached ****** piety under Zin
 37522 | Orc:2    | Found a runed translucent door.
 37523 | Orc:2    | Found a shimmering altar of Xom.
 37523 | Orc:2    | Noticed HuGe's ghost (journeyman MiBe)
 38724 | Orc:2    | Reached skill level 12 in Staves
 38908 | Orc:2    | Found Nopoc's Book Shop.
 38911 | Orc:2    | Found Tamuel's Assorted Antiques.
 38912 | Orc:2    | Found Sumis's Antique Armour Shop.
 38913 | Orc:2    | Found Jeorag's Armour Shop.
 38917 | Orc:2    | Bought 3 scrolls of magic mapping for 325 gold pieces
 38917 | Orc:2    | Bought a scroll of enchant weapon for 232 gold pieces
 38917 | Orc:2    | Bought a scroll of fear for 108 gold pieces
 38917 | Orc:2    | Bought a scroll labelled PERHIU ROSIU for 31 gold pieces
 38917 | Orc:2    | Bought a potion of curing for 93 gold pieces
 39330 | D:9      | Fell from the grace of Zin
 39330 | D:9      | Became a worshipper of Cheibriados the Contemplative
 40177 | D:13     | Found a runed translucent door.
 40178 | D:13     | Identified the +4 trident of Cheibriados's Pride {holy,
                  | rElec rN+ Str+4}
 40180 | D:13     | Noticed jr88keys's ghost (journeyman VSFi)
 40202 | D:13     | Reached * piety under Cheibriados
 40250 | D:13     | Killed jr88keys's ghost
 40587 | D:14     | Noticed Jorgrun
 40592 | D:14     | Killed Jorgrun
 40593 | D:14     | Reached skill level 13 in Staves
 40642 | D:14     | Killed from afar by a wizard

Illustrated notes

Levels and vault maps discovered:
D:1:      grunt_arrival_crossed_arrows, layout_basic
D:2:      layout_basic, basic_altar, ebering_ecumenical_altar_hall
D:3:      layout_loops_corners, minmay_rat_hole
D:4:      layout_rooms, okawaru_ov_weapons_minmay, kennysheep_mini_moat,
          chequers_temple_overflow_statue_of_worship, uniq_ijyb
D:5:      layout_layer_cave, minmay_temple_entry_enclosed_plants, uniq_sigmund,
          uniq_eustachio
D:6:      cheibrodos_quashed, layout_basic, elyvilon_altar_3
D:7:      layout_loops_corners, lemuel_zombie_altar_yredelemnul,
          mainiacjoe_overflow_concentric_impassable
D:8:      layout_rooms, kennysheep_little_box, david_lair_generic,
          enter_bailey_3, uniq_amaemon
D:9:      layout_loops_ring, kennysheep_slug_shrine, zombieorc2_lemuel
D:10:     layout_roguey, nicolae_dithmenos_through_a_glass_darkly, uniq_joseph
D:11:     layout_basic, serial_shops, nicolae_shop_competitors_out_of_business,
          uniq_nergalle
D:12:     layout_loops_ring
D:13:     layout_rooms, ebering_ghost_funeral_grove
D:14:     layout_cross, grunt_vaults_entry_tiered, nicolae_elevator_lobby_plus,
          gauntlet_entry_generic, gammafunk_ghost_fury_of_okawaru,
          serial_column_ruins, column_ruins_grid_1, column_ruins_columns_plus,
          column_ruins_columns_straight, column_ruins_open_tiny,
          column_ruins_open_tiny, serial_shops, nicolae_shop_crystal,
          st_stairs_3, chequers_guarded_unrand_ignorance, uniq_lodul,
          uniq_jorgrun
Temple:   nicolae_temple_hex_pool
Lair:1:   layout_hall_layers
Lair:2:   layout_misc_corridors, infiniplex_staircase_pool_2
Lair:3:   layout_small_grid, cheibrodos_lair_lostbears
Lair:4:   layout_gridlike, shoals_dummy_entry, dummy_spider_entry,
          grunt_megastairs_5
Lair:5:   minmay_lair_oklob_chamber, layout_hall_layers, basic_altar,
          lemuel_fruit_fields, serial_bayou_shore_b, grunt_megastairs_3
Lair:6:   hangedman_lair_caniforms_friends, layout_long_grid, wormcave,
          minmay_slime_entry_oklob_open
Orc:1:    layout_diamond_mine, basic_altar, hangedman_feature_mirror,
          mines2_lemuel, uniq_erolcha, uniq_harold, uniq_fannar
Orc:2:    st_orc_pillars, layout_diamond_mine, ebering_ghost_xom,
          hellmonk_bongcloud_opening

Skill      XL: |  1  2  3  4  5  6  7  8  9 10 11 12 13 14 15 |
---------------+----------------------------------------------+-----
Conjurations   | 1 2 4 6 7 |  7.4
Fire Magic     | 3 4 5 6 7 8 |  8.0
Fighting       | 2 3 4 5 6 7 9 10 11 12 | 12.0
Spellcasting   | 3 5 6 9 10 11 | 11.0
Air Magic      | 1 4 5 6 |  6.0
Poison Magic   | 1 4 |  4.0
Hexes          | 2 5 6 |  6.0
Dodging        | 4 5 6 |  6.5
Maces & Flails | 3 4 |  4.5
Stealth        | 3 4 |  4.0
Earth Magic    | 1 4 5 6 |  6.4
Transmutations | 1 3 |  3.0
Staves         | 4 11 13 | 13.3
Invocations    | 2 4 |  4.7

Action                   |  1- 3 |  4- 6 |  7- 9 | 10-12 | 13-15 || total
-------------------------+-------+-------+-------+-------+-------++-------
Melee: Unarmed           |     7 |       |       |       |       ||     7
       Morningstar       |       |     7 |       |       |       ||     7
       Hand axe          |       |    78 |       |       |       ||    78
       Trident           |       |     2 |       |       |       ||     2
       Punch             |       |     1 |       |     1 |     1 ||     3
       Long sword        |       |       |    14 |    19 |       ||    33
       Demon whip        |       |       |       |    40 |    41 ||    81
       Lajatang          |       |       |       |       |   496 ||   496
Throw: Dart              |       |       |     6 |     2 |       ||     8
 Cast: Foxfire           |    59 |    72 |     7 |       |       ||   138
       Scorch            |       |     9 |    73 |    65 |   112 ||   259
       Poisonous Vapours |       |       |    30 |   120 |   141 ||   291
       Inner Flame       |       |       |     9 |    74 |   120 ||   203
       Swiftness         |       |       |       |     3 |     6 ||     9
       Sticky Flame      |       |       |       |    12 |    26 ||    38
       Stone Arrow       |       |       |       |       |     2 ||     2
       Lee's Rapid Decon |       |       |       |       |     4 ||     4
Invok: Foxfire Swarm     |       |     1 |     2 |       |     1 ||     4
       Fiery Armour      |       |       |       |       |     3 ||     3
       Rising Flame      |       |       |       |       |     1 ||     1
       Bend Time         |       |       |       |       |     1 ||     1
Evoke: Wand              |       |       |       |     5 |     3 ||     8
  Use: Potion            |       |     2 |     1 |     2 |     4 ||     9
       Scroll            |       |     6 |     3 |    12 |    23 ||    44
 Stab: Sleeping          |       |     1 |       |       |     6 ||     7
       Distracted        |       |       |       |       |     2 ||     2
Armor: Robe              |    12 |    37 |     8 |    24 |    76 ||   157
       Steam dragon scal |       |       |       |       |   163 ||   163
Dodge: Dodged            |     8 |    42 |    24 |   109 |   448 ||   631
       Repelled          |       |       |     1 |     1 |     8 ||    10

Table legend: (Time is in decaauts)
 A = Elapsed time spent in this place.
 B = Non-inter-level travel time spent in this place.
 C = Inter-level travel time spent in this place.
 D = Time resting spent in this place.
 E = Time spent auto-exploring this place.
 F = Levels seen in this place.
 G = Mean time per level.
                   A        B        C        D        E       F      G
               +--------+--------+--------+--------+--------+-----+--------+
         Total |  40940 |  37679 |   3261 |  12358 |  20190 |  24 | 1705.8 |
       Dungeon |  22090 |  19970 |   2120 |   4888 |  12539 |  14 | 1577.9 |
        Temple |    198 |     73 |    125 |      0 |     61 |   1 |  198.0 |
          Lair |  14051 |  13422 |    629 |   6314 |   5528 |   6 | 2341.8 |
  Orcish Mines |   3750 |   3365 |    385 |    786 |   1772 |   2 | 1875.0 |
        Bailey |    849 |    849 |      0 |    370 |    289 |   1 |  849.0 |
               +--------+--------+--------+--------+--------+-----+--------+

Top non-repeatable levels by time:
  Lair:5: 3614 daAuts
     D:9: 2877 daAuts
     D:7: 2598 daAuts
  Lair:2: 2582 daAuts
  Lair:3: 2444 daAuts
    D:11: 2371 daAuts
  Lair:4: 2370 daAuts
     D:5: 2208 daAuts
     D:8: 2069 daAuts
   Orc:2: 1945 daAuts
   Orc:1: 1804 daAuts
  Lair:1: 1723 daAuts
     D:2: 1557 daAuts
    D:12: 1357 daAuts
     D:6: 1341 daAuts
